cohdb
Replays
Latest Replays
All Replays
Popular Replays
Top Player Replays
Match Explorer
How It Works
Community
CoH3 Stats
Reddit
Sign in to upload your games and track your stats! →
Sign in with Steam
Match 43389984
Unlisted
Match 43389984
Overview
Messages
Build Orders
End
Kradschützen Motorcycle Team
Selects Panzerjäger Kommand Battlegroup
Selects Mine Fields
Panzergrenadier Squad
250 Light Carrier
Panzergrenadier Squad
Construct Light Support Kompanie
Construct Light Support Kompanie
Fire Support Elements
MG34 Team
Selects Tank Busters
Panzerjäger Mechanized Group
Panzergrenadier Squad
Selects Defensive Positions
Flakvierling Half-track
Panzergrenadier Squad
Veteran Squad Leaders
Dominik
beniu
GoLdenCoBRaaa
janemba914
0
0
Comments
sign in to comment!
No comments posted yet!